 Dungeon Crawl Stone Soup version 0.30.1-11-g7821555f0a (webtiles) character file.

Game seed: 722717715170203820

4 PaiMei the Grave Robber (level 1, 0/13 HPs)
             Began as a Demonspawn Necromancer on Jan 4, 2024.
             Slain by a quokka (5 damage)
             ... on level 1 of the Dungeon.
             The game lasted 00:00:39 (36 turns).

PaiMei the Grave Robber (Demonspawn Necromancer)      Turns: 36, Time: 00:00:39

Health: 0/13       AC:  2    Str:  8    XL:     1   Next: 50%
Magic:  0/3        EV: 12    Int: 16    God:
Gold:   0          SH:  0    Dex: 13    Spells: 3/4 levels left

rFire   . . .        c - +0 short sword
rCold   . . .        (no shield)
rNeg    . . .        a - +0 robe
rPois   .            (no helmet)
rElec   .            (no cloak)
rCorr   .            (no gloves)
SInv    .            (no boots)
Will    .....        (no amulet)
Stlth   ++           (no ring)
HPRegen 0.22/turn    (no ring)
MPRegen 0.08/turn

%: no passive effects
@: no status effects
A: no striking features
a: no special abilities


You were on level 1 of the Dungeon.
You visited 1 branch of the dungeon, and saw 1 of its levels.

Inventory:

Hand Weapons
 c - a +0 short sword (weapon)
Armour
 a - a +0 robe (worn)
Potions
 b - a potion of magic


   Skills:
 + Level 1.8 Dodging
 + Level 1.9 Stealth
 + Level 2.0 Spellcasting
 + Level 4.4 Necromancy


You had 3 spell levels left.
You knew the following spells:

 Your Spells              Type           Power      Damage    Failure   Level
a - Necrotise             Necr           60%        1d7       3%          1

Your spell library contained the following spells:

 Spells                   Type           Power      Damage    Failure   Level
 Vampiric Draining        Necr           15%        2d7       10%         3
 Animate Dead             Necr           15%        N/A       32%         4
 Agony                    Necr           15%        N/A       67%         5


Dungeon Overview and Level Annotations

Branches:
Dungeon (1/15)

Altars:


Message History

Your jackal skeleton bites the jackal but does no damage.
The quokka misses you. The jackal closely misses you.
Your jackal skeleton bites the jackal but does no damage.
You hit the quokka but do no damage.
The quokka is severely wounded.
The jackal bites you.
The quokka bites you but does no damage.
Your jackal skeleton barely misses the jackal.
You barely miss the quokka.
The quokka is severely wounded.
The jackal misses you. The quokka closely misses you.
Your jackal skeleton barely misses the jackal.
The jackal bites you.
Casting: Necrotise (safe; 3% risk of failure)
Confirm with . or Enter, or press ? or * to list all spells.
You don't have enough magic to cast this spell.
You closely miss the quokka.
The quokka is severely wounded.
The quokka bites you but does no damage.
Your jackal skeleton bites the jackal but does no damage.
The jackal bites you but does no damage.
The quokka barely misses you.
Casting: Necrotise (safe; 3% risk of failure)
Confirm with . or Enter, or press ? or * to list all spells.
Aiming: Necrotise (safe; 3% risk of failure)
Press: ? - help, Shift-Dir - straight line, f/p - jackal
Aim: a jackal (ally target, chance to affect: 85%)
The jackal writhes in agony!
You kill the jackal!
The dead are walking!
Your jackal skeleton bites the quokka but does no damage.
The quokka barely misses your jackal skeleton.
You hit the quokka.
The quokka is almost dead.
Your jackal skeleton misses the quokka.
The quokka misses you.
Your jackal skeleton misses the quokka.
You barely miss the quokka.
The quokka is almost dead.
The quokka bites you.
You die...

#..........#
#+##...P##'#
##''##P.# #....#.♣P#
#######...P#######
#PP..............###
....♣..P♣...P♣.....#
..P.........♣.......
..♣♣...P♣...@.♣P.
.......P..r.......
#.........#ZZ.....>
..?.....#.....>.....
.#......#..#........
.........######...
.....#.## ...
r...... ..


You could see a quokka (ally target) and 2 friendly jackal skeletons.

Vanquished Creatures
  2 jackals (D:1)
  A kobold (D:1)
3 creatures vanquished.

Notes
Turn   | Place    | Note
-------+----------+-------------------------------------------
     0 | D:1      | PaiMei the Demonspawn Necromancer began the quest for the
                  | Orb.
     0 | D:1      | Reached XP level 1. HP: 13/13 MP: 3/3
    36 | D:1      | Slain by a quokka

Illustrated notes

Levels and vault maps discovered:
D:1:      denvon_arrival_planthouse, layout_loops_cross,
          shapermc_ecumenical_altar_flowoftime

Action                     || total
---------------------------++-------
  Melee: Short sword       ||     6
   Cast: Necrotise         ||     4
 Armour: Robe              ||     3
  Dodge: Dodged            ||    10
